AoeStats
← Rodrigo Lao Tse

Migration

509931296Analyzed
1v1 RM · 4d ago on Sep 28, 2026· 36m 16s· 2 players
Game mode
Random Map
Map size
132×132
Population
200
Speed
Normal
Resources
Standard
Victory
Conquest
Starting age
Dark Age
Ending age
Imperial Age
RankedLock teamsTeams togetherTeam positionsShared explorationLock speedFull tech treeHidden civsTurbo modeCheats
Victory
Defeat
🇺🇦 Varangians · Ukraine
849
+16
🇨🇱 Maya · Chile
846
-16
Rodrigo Lao Tse
0:26 Loom
10:22 Feudal Age
16:23 Stone Mining
26:36 Fletching
28:48 Gold Mining
33:09 Castle Age
31:23 Double-Bit Axe
35:48 Bodkin Arrow
number17___
12:53 Feudal Age
13:23 Loom
17:04 Castle Age
15:20 Stone Mining
18:02 Bloodlines
22:52 Medium Warships
30:55 Fishing Lines
Connection lost

Rejoining the realm…

Still unreachable

The connection could not be restored.

Session expired

The server has moved on; the page needs a fresh start.